 Dungeon Crawl Stone Soup version 0.27-a0-909-g0721f309d1 (webtiles) character file.

Game seed: 5211401942382579063

130 leviel the Skirmisher (level 5, -2/46 HPs)
             Began as a Hill Orc Fighter on Apr 8, 2021.
             Slain by a gnoll
             ... wielding a +0 whip
              (4 damage)
             ... on level 3 of the Dungeon.
             The game lasted 00:02:23 (1816 turns).

leviel the Skirmisher (Hill Orc Fighter)            Turns: 1816, Time: 00:02:25

Health: -2/46      AC:  7    Str: 20    XL:     5   Next: 14%
Magic:  5/5        EV:  7    Int:  8    God:
Gold:   60         SH:  9    Dex: 10    Spells: 4/4 levels left

rFire    . . .     SeeInvis .   a - +0 trident
rCold    . . .     Faith    .   c - +0 kite shield
rNeg     . . .     Spirit   .   b - +0 scale mail
rPois    .         Reflect  .   (no helmet)
rElec    .         Harm     .   (no cloak)
rCorr    .         Rampage  .   (no gloves)
Will     .....                  (no boots)
Stlth    ..........             (no amulet)
HPRegen  0.15/turn              (no ring)
MPRegen  0.09/turn              (no ring)

@: mighty
A: no striking features
a: no special abilities


You were on level 3 of the Dungeon.
You visited 1 branch of the dungeon, and saw 3 of its levels.

You collected 60 gold pieces.

Inventory:

Hand Weapons
 a - a +0 trident (weapon)
Armour
 b - a +0 scale mail (worn)
 c - a +0 kite shield (worn)
Scrolls
 f - 2 scrolls of identify {unknown}
 g - a scroll of torment {unknown}
Potions
 e - a potion of degeneration {unknown}
 h - a potion of resistance {unknown}


   Skills:
 + Level 4.1 Fighting
 + Level 3.5 Polearms
 + Level 4.1 Armour
 + Level 0.9 Dodging
 + Level 0.5 Stealth
 + Level 4.0 Shields


You had 4 spell levels left.
You didn't know any spells.
Your spell library was empty.

Dungeon Overview and Level Annotations

Branches:
Dungeon (3/15)

Altars:

Annotations:
D:3 Robin


Message History

You are too injured to fight recklessly!
You are too injured to fight recklessly!
You are too injured to fight recklessly!
You are too injured to fight recklessly!
You are too injured to fight recklessly!
You are too injured to fight recklessly!
You are too injured to fight recklessly!
You are too injured to fight recklessly!
You are too injured to fight recklessly!
You are too injured to fight recklessly!
You are too injured to fight recklessly!
You are too injured to fight recklessly!
You are too injured to fight recklessly!
You are too injured to fight recklessly!
You are too injured to fight recklessly!
You are too injured to fight recklessly!
You are too injured to fight recklessly!
You are too injured to fight recklessly!
You are too injured to fight recklessly!
You are too injured to fight recklessly!
Unknown command.
The gnoll sergeant hits you with a +0 spear!
* * * LOW HITPOINT WARNING * * *
You see here a hobgoblin corpse.
You hit the gnoll sergeant.
The gnoll sergeant is heavily wounded.
You block the gnoll sergeant's attack.
The gnoll sergeant hits you with a +0 spear.
* * * LOW HITPOINT WARNING * * *
You hit the gnoll sergeant.
The gnoll sergeant is heavily wounded.
You block the gnoll sergeant's attack.
You puncture the gnoll sergeant!
You kill the gnoll sergeant!
Your Armour skill increases to level 4!
Your Shields skill increases to level 4!
You have reached level 5!
You feel stronger.
You closely miss the gnoll. The gnoll hits you with a +0 whip.
You die...

#..( #.#...#
########.# #...
#g....#
#........# #...
......#
#.######## #
#g.##....# #.#
....#.g.g...#
#.# #...g....#
#.# #.###.####
#.# #.
#g############.#
#
#gg.ggg@.......#
################


You could see 2 gnolls, a hobgoblin and 3 goblins.

Vanquished Creatures
  A gnoll sergeant (D:3)
  A gnoll (D:3)
  2 worms (D:2)
  2 dart slugs (D:1)
  An orc (D:3)
  A ball python (D:2)
  6 endoplasms
  A giant cockroach (D:3)
  2 goblins (D:1)
  6 hobgoblins
  7 jackals
  4 kobolds
  A quokka (D:2)
  3 bats
  3 frilled lizards
  4 rats
45 creatures vanquished.

Notes
Turn   | Place    | Note
-------+----------+-------------------------------------------
     0 | D:1      | leviel the Hill Orc Fighter began the quest for the Orb.
     0 | D:1      | Reached XP level 1. HP: 19/19 MP: 1/1
     6 | D:1      | Noticed a servant of whispers
     6 | D:1      | Noticed a tyrant leech
     6 | D:1      | Noticed an iguana
     7 | D:1      | Noticed a stone giant
    66 | D:1      | Found a faded altar of an unknown god.
   127 | D:1      | Reached XP level 2. HP: 20/27 MP: 2/2
   764 | D:1      | Reached XP level 3. HP: 33/33 MP: 3/3
  1728 | D:3      | Reached XP level 4. HP: 40/40 MP: 4/4
  1793 | D:3      | Noticed a gnoll sergeant
  1796 | D:3      | Noticed Robin
  1813 | D:3      | HP: 2/40 [gnoll sergeant/+0 spear (2)]
  1815 | D:3      | Killed a gnoll sergeant
  1816 | D:3      | Reached XP level 5. HP: 2/46 MP: 5/5
  1816 | D:3      | Slain by a gnoll

Illustrated notes

Levels and vault maps discovered:
D:1:      onia_arrival_zoo_common, layout_rooms,
          shapermc_ecumenical_altar_mp_ritualfount, minmay_misc_feat_alley,
          wander_ebering_terrifying_dragon_lair
D:2:      layout_loops_cross
D:3:      layout_loops_ring, uniq_robin

Skill      XL: |  1  2  3  4 |
---------------+-------------+-----
Fighting       | 4 |  4.1
Polearms       | 3 |  3.5
Armour         | 4 |  4.1
Shields        | 4 |  4.0
Dodging        | |  0.9
Stealth        | |  0.5

Action                   |  1- 3 |  4- 6 || total
-------------------------+-------+-------++-------
Melee: Trident           |   125 |    13 ||   138
  Use: Potion            |       |     1 ||     1
Armor: Scale mail        |    52 |     4 ||    56
Dodge: Dodged            |    34 |     5 ||    39
Block: Kite shield       |    56 |     3 ||    59

Table legend: (Time is in decaauts)
 A = Elapsed time spent in this place.
 B = Non-inter-level travel time spent in this place.
 C = Inter-level travel time spent in this place.
 D = Time resting spent in this place.
 E = Time spent auto-exploring this place.
 F = Levels seen in this place.
 G = Mean time per level.
                   A        B        C        D        E       F      G
               +--------+--------+--------+--------+--------+-----+--------+
         Total |   1871 |   1832 |     39 |      0 |   1541 |   3 |  623.7 |
       Dungeon |   1871 |   1832 |     39 |      0 |   1541 |   3 |  623.7 |
               +--------+--------+--------+--------+--------+-----+--------+

Top non-repeatable levels by time:
     D:1: 910 daAuts
     D:2: 806 daAuts
     D:3: 154 daAuts
